 Dungeon Crawl Stone Soup version 0.16-a0-3465-g53c7d0b (webtiles) character file.

8524 Jon2 the Cleaver (level 11, 84/101 HPs)
             Began as a Minotaur Fighter on July 24, 2014.
             Was the Champion of Jiyva.
             Quit the game on level 11 of the Dungeon on Jan 2, 2015.
             The game lasted 00:35:19 (9625 turns).

Jon2 the Cleaver (Minotaur Fighter)                 Turns: 9625, Time: 00:35:19

Health: 84/101     AC: 26    Str: 14      XL:     11   Next: 11%
Magic:  4/4        EV:  9    Int:  9 (10) God:    Jiyva [******]
Gold:   449        SH:  9    Dex: 15      Spells: 0 memorised, 10 levels left

rFire  . . .     SeeInvis .     a - +0 war axe (curse)
rCold  . . .     Clarity  +     A - +3 ring mail
rNeg   . . .     SustAb   .     c - +0 shield
rPois  +         Gourm    .     (helmet restricted)
rElec  .         Spirit   .     o - +0 cloak
rCorr  +         Warding  .     h - +2 pair of gloves
rMut   .         Stasis   .     w - +0 pair of boots
MR     .....                    e - amulet of clarity
Stlth  +.........               E - +6 ring of protection
                                k - ring of poison resistance

@: not resistant to hostile enchantments, very unstealthy
A: retaliatory headbutt, horns 2, iridescent scales 1, translucent skin 2,
evolution 1
a: Request Jelly, Jelly Paralyse, Slimify, Cure Bad Mutation, Renounce Religion


You were on level 11 of the Dungeon.
You worshipped Jiyva.
Jiyva was exalted by your worship.
You were completely stuffed.

You visited 2 branches of the dungeon, and saw 12 of its levels.

You collected 449 gold pieces.

Inventory:

Hand weapons
 a - a cursed +0 war axe (weapon)
Armour
 b - a +0 scale mail
 c - a +0 shield (worn)
 h - a +2 pair of gloves (worn)
 o - a +0 cloak (worn)
 w - a +0 pair of boots (worn)
 A - a +3 ring mail (worn)
Jewellery
 e - an amulet of clarity (around neck)
 k - a ring of poison resistance (left hand)
 E - a +6 ring of protection (right hand)
Magical devices
 g - a wand of slowing (0)
 p - a wand of random effects (13)
 r - a wand of cold (0)
 D - a wand of slowing (2)
 J - a wand of slowing (9)
Scrolls
 f - 2 scrolls of teleportation {unknown}
 i - 8 scrolls of identify {unknown}
 m - a scroll of fog {unknown}
 n - 2 scrolls of torment {unknown}
 s - 3 scrolls of amnesia {unknown}
 u - 8 scrolls of remove curse {unknown}
 y - 3 scrolls of enchant weapon {unknown}
 F - a scroll of blinking {unknown}
 H - a scroll of fear {unknown}
 I - 2 scrolls of magic mapping {unknown}
 K - 5 scrolls of random uselessness {unknown}
 M - a scroll of recharging {unknown}
Potions
 j - 7 potions of curing {unknown}
 t - a potion of ambrosia
 L - a potion of flight
Books
 v - a book of Death

   Spells                             Type                      Level
   a - Corpse Rot                     Necromancy                   2
   b - Sublimation of Blood           Necromancy                   2
   c - Agony                          Necromancy                   5
   d - Dispel Undead                  Necromancy                   5
   e - Excruciating Wounds            Charms/Necromancy            5
   f - Bolt of Draining               Conjuration/Necromancy       5
Comestibles
 d - 8 bread rations
 l - 3 beef jerkies
 q - 3 meat rations
 x - 5 royal jellies
 z - 2 fruits


   Skills:
 + Level 10.5 Fighting
 * Level 14.4 Axes
 + Level 10.6 Armour
 + Level 1.6 Dodging
 - Level 3.6 Shields


You had 10 spell levels left.
You didn't know any spells.

Dungeon Overview and Level Annotations

Branches:
Dungeon (11/15)            Temple (1/1) D:4            Lair (0/8) D:10
    Orc: D:9-12

Altars:
Ashenzari
Cheibriados
Dithmenos
Elyvilon
Fedhas
Gozag
Kikubaaqudgha
Makhleb
Nemelex Xobeh
Okawaru
Qazlal
Sif Muna
Trog
Vehumet
Xom
Yredelemnul
Zin
The Shining One
Jiyva

Annotations:
D:4 exclusion: downstairs


Innate Abilities, Weirdness & Mutations

You reflexively headbutt those who attack you in melee.
You have a pair of horns on your head.
You are partially covered in iridescent scales (AC +4).
Your skin is mostly translucent (Stealth, -foe acc).
You evolve.


Message History

(D) Dungeon (T) Temple (L) Lair
Where to? (Enter - D:12, ? - help)
What level of the Dungeon? (default 1, ? - help)
Okay, then.
Wear which item? (? for menu, Esc to quit)
Okay, then.
Are you sure you want to abandon this character and quit the game? (Confirm with "yes".)
Okay, then.
Unknown command.
Save game and exit?
Welcome back, Jon2 the Minotaur Fighter.
Slime for the Slime God!
Press ? for a list of commands and other information.
Done exploring.
(D) Dungeon (T) Temple (L) Lair
Where to? (? - help)
Okay, then.
Quiver which item? (- for none, * to show all) (? for menu, Esc to quit)
Okay, then.
Are you sure you want to abandon this character and quit the game? (Confirm with "yes".)

..#...#..#'##....#....#.....#####
.........#..#....##'###..####....
#J#####..'..#....#....#..#..#...#
#..#..#..#..#....#....'..#..+....
#..'..#.##'############'###'##+##
#..####..#.....#......#..........
#.....#..#.....#......#..........
'.....#..#.....'......#(.........
#.....#..#.....#@....J#..........
#'##############.##.#.########..#
#.....#.....#....#..#..#..#..#...
#.....'.....#....#..#..'..#..'...
'.....#########.#####.##..#'#####
#.....#.......#....#............#
#.....#.......#....#............#
#.....######..##..#####...#######
#.....#...#....#..#..............


You could see a neutral jelly (fellow slime).

Vanquished Creatures
  Pikel (D:4)
  2 hill giants
  The ghost of Tux the Digger, an experienced GrEE (D:4)
  3 trolls
  Grinder (D:4)
  A queen bee (D:10)
  Sonja (D:10)
  A hydra skeleton (D:10)
  A wandering mushroom (D:11)
  The ghost of Tux the Ruffian, an average TrMo (D:5)
  A hill giant skeleton (D:11)
  6 ugly things (D:9)
  2 water moccasins
  A mottled dragon (D:11)
  A black bear (D:7)
  An orc warrior (D:10)
  2 slaves (D:3)
  A sky beast (D:9)
  7 centaurs
  35 killer bees
  2 phantoms
  Duvessa (D:6)
  3 giant frogs
  A scorpion (D:7)
  A wyvern skeleton (D:11)
  A troll zombie (D:7)
  A troll skeleton (D:8)
  Dowan (D:6)
  4 hounds
  A goliath beetle (D:9)
  A centaur skeleton (D:8)
  A quasit (D:11)
  6 crimson imps
  An orc priest (D:6)
  A soldier ant zombie (D:9)
  6 worker ants
  Natasha (thrice) (D:3)
  3 orc wizards
  Ijyb (D:2)
  A hound skeleton (D:5)
  A mummy (D:10)
  11 adders
  A scorpion zombie (D:9)
  A shadow imp (D:5)
  A removed MONS_INEPT_FEATURE_MIMIC (D:7)
  A worm (D:4)
  4 giant geckos
  16 orcs
  11 bats
  6 giant cockroaches
  15 goblins
  11 hobgoblins
  3 quokkas
  2 ball pythons
  A giant gecko skeleton (D:7)
  8 giant newts
  A hobgoblin skeleton (D:4)
  15 jackals
  12 kobolds
  2 orc skeletons
  An orc zombie (D:9)
  9 rats
  A rat skeleton (D:8)
  A rat zombie (D:8)
245 creatures vanquished.

Vanquished Creatures (others)
  A wizard (D:3)
  A steam dragon (D:7)
  2 hippogriffs (D:7)
  2 sky beasts
  A black bear (D:8)
  4 ogres
  7 killer bees
  2 centaurs
  A big kobold (D:10)
  34 jellies
  3 worker ants
  2 iguanas
  6 orc wizards
  A hound zombie (D:7)
  A giant mite (D:4)
  A worm (D:4)
  14 orcs
  A ball python (D:5)
  2 bats
  A giant cockroach (D:5)
  3 hobgoblins
  3 jackals (D:7)
  A quokka (D:4)
  A goblin (D:7)
  8 kobolds
  3 rats
  A rat skeleton (D:4)
107 creatures vanquished.

Grand Total: 352 creatures vanquished

Notes
Turn   | Place    | Note
--------------------------------------------------------------
     0 | D:1      | Jon2, the Minotaur Fighter, began the quest for the Orb.
     0 | D:1      | Reached XP level 1. HP: 19/19 MP: 1/1
   232 | D:1      | Reached XP level 2. HP: 25/27 MP: 1/1
   864 | D:2      | Reached skill level 4 in Fighting
   864 | D:2      | Reached XP level 3. HP: 33/33 MP: 2/2
  1351 | D:2      | Reached XP level 4. HP: 27/40 MP: 2/2
  1715 | D:2      | Noticed Ijyb
  1733 | D:2      | Killed Ijyb
  1953 | D:3      | Noticed Natasha
  1957 | D:3      | Killed Natasha
  1957 | D:3      | Reached skill level 5 in Axes
  1957 | D:3      | Reached XP level 5. HP: 40/47 MP: 2/2
  2002 | D:3      | Noticed Natasha
  2011 | D:3      | Killed Natasha
  2043 | D:3      | Found a bloodstained altar of Trog.
  2043 | D:3      | Noticed a wizard
  2049 | D:3      | Killed a wizard
  2148 | D:3      | Noticed Natasha
  2158 | D:3      | Killed Natasha
  2462 | D:4      | Noticed Pikel
  2462 | D:4      | Noticed a slave
  2462 | D:4      | Noticed a slave
  2462 | D:4      | Noticed a slave
  2462 | D:4      | Noticed a slave
  2479 | D:3      | Killed a slave
  2488 | D:3      | Killed a slave
  2603 | D:4      | Noticed Tux's ghost (experienced GrEE)
  2621 | D:4      | Killed Tux's ghost
  2621 | D:4      | Reached skill level 5 in Fighting
  2621 | D:4      | Reached skill level 6 in Axes
  2621 | D:4      | Reached skill level 5 in Armour
  2621 | D:4      | Reached XP level 6. HP: 29/56 MP: 3/3
  2782 | D:4      | Found a staircase to the Ecumenical Temple.
  2794 | D:4      | Noticed Grinder
  2804 | D:4      | Paralysed by Grinder for 7 turns
  2812 | D:4      | Paralysed by Grinder for 4 turns
  2822 | D:4      | Killed Grinder
  2822 | D:4      | Reached skill level 7 in Axes
  2822 | D:4      | Reached XP level 7. HP: 39/62 MP: 3/3
  2835 | Temple   | Entered the Ecumenical Temple
  2896 | Temple   | Became a worshipper of Jiyva Jeuqioh the Shapeless
  3060 | D:4      | Killed Pikel
  3060 | D:4      | Reached skill level 8 in Axes
  3060 | D:4      | Reached XP level 8. HP: 54/71 MP: 3/3
  3197 | D:4      | Acquired Jiyva's first power
  3346 | D:5      | Entered Level 5 of the Dungeon
  3578 | D:5      | Noticed Tux's ghost (average TrMo)
  3870 | D:5      | Reached skill level 9 in Axes
  3881 | D:5      | Found a burning altar of Makhleb.
  3885 | D:5      | Acquired Jiyva's second power
  3963 | D:5      | Killed Tux's ghost
  4824 | D:6      | Noticed Duvessa
  4824 | D:6      | Noticed Dowan
  4832 | D:6      | Killed Duvessa
  4838 | D:6      | Killed Dowan
  4895 | D:6      | Found a glowing silver altar of Zin.
  4897 | D:6      | Found a glowing golden altar of the Shining One.
  4898 | D:6      | Found a bloodstained altar of Trog.
  4903 | D:6      | Found a blossoming altar of Fedhas.
  4904 | D:6      | Found an opulent altar of Gozag.
  4904 | D:6      | Found a white marble altar of Elyvilon.
  4936 | D:6      | Found a burning altar of Makhleb.
  5029 | D:6      | Found a white marble altar of Elyvilon.
  5105 | D:6      | Reached skill level 10 in Axes
  5249 | D:6      | Found a shattered altar of Ashenzari.
  5251 | D:6      | Found a stormy altar of Qazlal.
  5284 | D:7      | Gained mutation: Your skin is partially translucent (Stealth, -foe acc). [Jiyva's grace]
  5363 | D:7      | Acquired Jiyva's third power
  5377 | D:7      | Gained mutation: Your rubbery body absorbs attacks (AC +1). [Jiyva's grace]
  5553 | D:7      | Reached XP level 9. HP: 78/80 MP: 4/4
  6102 | D:8      | Gained mutation: Thin tendrils of slime have grown from your body. [Jiyva's grace]
  6151 | D:8      | Acquired Jiyva's fourth power
  6247 | D:8      | Gained mutation: Your skin is mostly translucent (Stealth, -foe acc). [Jiyva's grace]
  6275 | D:8      | Reached skill level 11 in Axes
  6783 | D:9      | Lost mutation: Your rubbery body absorbs attacks (AC +1). [Jiyva's grace]
  6908 | D:9      | Reached skill level 12 in Axes
  7183 | D:9      | Found an iron altar of Okawaru.
  7405 | D:10     | Entered Level 10 of the Dungeon
  7447 | D:10     | Gained mutation: Your mind is acute. (Int +2) [Jiyva's grace]
  7523 | D:10     | Reached XP level 10. HP: 91/91 MP: 4/4
  7682 | D:10     | Noticed Sonja
  7720 | D:10     | Lost mutation: Your mind is acute. (Int +2) [Jiyva's grace]
  7728 | D:10     | Killed Sonja
  7869 | D:10     | Gained mutation: Your muscles are strong. (Str +2) [Jiyva's grace]
  7976 | D:10     | Found a staircase to the Lair.
  7979 | D:10     | Lost mutation: Thin tendrils of slime have grown from your body. [potion of mutation]
  7979 | D:10     | Gained mutation: You are partially covered in iridescent scales (AC +4). [potion of mutation]
  8064 | D:10     | Noticed a hill giant
  8074 | D:10     | Killed a hill giant
  8192 | D:10     | Reached skill level 13 in Axes
  8289 | D:10     | Reached skill level 10 in Armour
  8304 | D:10     | Reached skill level 10 in Fighting
  8628 | D:11     | Reached skill level 14 in Axes
  8660 | D:11     | Gained mutation: You evolve. [Jiyva's grace]
  9163 | D:11     | Reached XP level 11. HP: 92/101 MP: 4/4
  9166 | D:11     | Reached skill level 1 in Dodging
  9309 | D:11     | Lost mutation: Your muscles are strong. (Str +2) [Jiyva's grace]
  9506 | D:11     | Noticed a hill giant
  9523 | D:11     | Killed a hill giant
  9625 | D:11     | Upgraded the game from 0.15-a0-2227-g1e78800 to 0.16-a0-3465-g53c7d0b
  9625 | D:11     | Quit the game

Action                   |  1- 3 |  4- 6 |  7- 9 | 10-12 || total
-------------------------+-------+-------+-------+-------++-------
Melee: War axe           |    94 |   126 |   348 |   249 ||   817
Evoke: Wand              |       |       |     6 |    14 ||    20
  Use: Potion            |     1 |     1 |     5 |     5 ||    12
  Eat: Bread ration      |       |     1 |       |       ||     1
       Chunk             |       |     2 |     5 |       ||     7
       Fruit             |       |       |     2 |       ||     2
